 Dungeon Crawl Stone Soup version 0.27-a0-155-g177a798329 (webtiles) character file.

Game seed: 5766402266137107040

162 vurker the Gusty (level 5, 0/30 HPs)
             Began as a Tengu Air Elementalist on Jan 27, 2021.
             Succumbed to an adder's poison
             ... on level 3 of the Dungeon.
             The game lasted 00:04:13 (2934 turns).

vurker the Gusty (Tengu Air Elementalist)           Turns: 2934, Time: 00:04:13

Health: 0/30       AC:  2    Str:  9    XL:     5   Next: 43%
Magic:  1/10       EV: 15    Int: 16    God:
Gold:   74         SH:  0    Dex: 14    Spells: 0/10 levels left

rFire    . . .     SeeInvis .   c - +0 dagger
rCold    . . .     Faith    .   (no shield)
rNeg     . . .     Spirit   .   a - +0 robe
rPois    .         Reflect  .   (helmet restricted)
rElec    .         Harm     .   (no cloak)
rCorr    .         Rampage  .   (no gloves)
Will     .....                  (boots unavailable)
Stlth    ++........             (no amulet)
HPRegen  0.10/turn              (no ring)
MPRegen  0.12/turn              (no ring)

@: mighty, lethally poisoned (0 -> -6), flying quickly and evasively, quick
A: beak, talons 3, able to fly
a: Stop Flying


You were on level 3 of the Dungeon.
You visited 1 branch of the dungeon, and saw 3 of its levels.

You collected 74 gold pieces.

Inventory:

Hand Weapons
 c - a +0 dagger (weapon)
   (You took it off a goblin on level 1 of the Dungeon)
Armour
 a - a +0 robe (worn)
Scrolls
 e - 2 scrolls of noise {unknown}
 f - a scroll of teleportation {unknown}
 g - 3 scrolls of identify {unknown}
 h - a scroll of magic mapping {unknown}
 j - 2 scrolls of enchant weapon {unknown}
 k - a scroll of immolation {unknown}
 l - 2 scrolls of amnesia {unknown}
 m - a scroll of random uselessness {unknown}
 p - a scroll of blinking {unknown}
 t - a scroll of remove curse {unknown}
Potions
 b - a potion of ambrosia {unknown}
 d - a potion of might
 i - 2 potions of curing {unknown}
 n - 3 potions of lignification {unknown}
 o - a potion of invisibility {unknown}
 q - a potion of haste {unknown}
 r - 2 potions of flight {unknown}
 s - a potion of cancellation {unknown}


   Skills:
 + Level 1.9 Fighting
 - Level 2.1 Dodging
 - Level 2.0 Stealth
 * Level 3.2 Spellcasting
 + Level 2.9 Conjurations
 * Level 5.5 Air Magic


You couldn't memorise any spells.
You knew the following spells:

 Your Spells              Type           Power        Failure   Level
a - Shock                 Conj/Air       64%          3%          1
b - Lightning Bolt        Conj/Air       8%           65%         5
c - Airstrike             Air            10%          19%         4

Your spell library contained the following spells:

 Spells                   Type           Power        Failure   Level
 Swiftness                Air            20%          2%          2
 Static Discharge         Conj/Air       16%          10%         3


Dungeon Overview and Level Annotations

Branches:
Dungeon (3/15)

Altars:
Uskayaw


Innate Abilities, Weirdness & Mutations

You have a beak for a mouth.
You have claws for feet.
You can fly continuously.


Message History

A rat comes into view.
The orc priest miscasts a cantrip.
The orc priest barely misses you.
You hit the orc priest but do no damage.
You peck the orc priest, but do no damage.
The orc priest hits you with a +0 club.
You closely miss the orc priest.
The orc priest calls down the wrath of Beogh upon you.
Pain shoots through your body!
* * * LOW HITPOINT WARNING * * *
An adder comes into view.
The zap hits the orc priest but does no damage. x2
The adder hisses angrily.
The zap hits the orc priest.
The zap misses the rat.
The zap hits the rat.
You kill the rat!
The zap hits the orc priest.
The orc priest casts a cantrip, but nothing happens.
You don't have enough magic to cast that spell.
You hit the orc priest. Your kick misses the orc priest.
You peck the orc priest, but do no damage.
The orc priest hits you but does no damage.
You closely miss the orc priest. Your peck misses the orc priest.
The orc priest mumbles some strange prayers to Beogh against you.
Beogh smites you!
* * * LOW HITPOINT WARNING * * *
You closely miss the orc priest. The adder closely misses you.
The orc priest looks braver for a moment.
Okay, then.
The zap hits the orc priest.
You kill the orc priest!
The adder closely misses you. The adder bites you.
* * * LOW HITPOINT WARNING * * *
Things that are here:
a +0 club; a +0 chain mail
Okay, then.
The adder bites you but does no damage.
You see here a hobgoblin corpse.
Okay, then.
A giant cockroach comes into view.
Found a scroll labelled DUKESK MECH.
The zap misses the adder.
The zap hits the adder.
The adder closely misses you. x2
Things that are here:
a +0 club; a +0 chain mail The adder bites you.
* * * LOW HITPOINT WARNING * * *
You are lethally poisoned!
The adder poisons you!
It was a potion of might.
You feel very mighty all of a sudden.
You die...

.. .. ...##. # # ....#.
##### .?.###..######
##>..##
#........†..########.....#
#####..####...............
#..# #...........!....
#####..###.########.......
........BS@.# ##.....#
.############ ##...##
##.... ######.###
........... ###########


You could see an adder and a giant cockroach.

Vanquished Creatures
  An orc priest (D:3)
  Natasha (D:3)
  An orc wizard (D:2)
  2 adders (D:2)
  An ooze (D:3)
  8 orcs
  2 giant cockroaches
  4 hobgoblins
  6 jackals (D:3)
  10 bats
  4 frilled lizards
  5 goblins
  2 kobolds
  9 rats
56 creatures vanquished.

Notes
Turn   | Place    | Note
-------+----------+-------------------------------------------
     0 | D:1      | vurker the Tengu Air Elementalist began the quest for the
                  | Orb.
     0 | D:1      | Reached XP level 1. HP: 10/10 MP: 4/4
   282 | D:1      | Reached XP level 2. HP: 15/15 MP: 3/6
  1382 | D:1      | Reached XP level 3. HP: 18/20 MP: 4/7
  1761 | D:2      | Reached skill level 1 in Fighting
  1852 | D:2      | Reached XP level 4. HP: 25/25 MP: 5/9
  1953 | D:2      | Reached skill level 5 in Air Magic
  2471 | D:3      | Found a hide-covered altar of Uskayaw.
  2586 | D:3      | Noticed Natasha
  2600 | D:3      | Killed Natasha
  2601 | D:3      | Gained mutation: You can fly continuously. [Tengu growth]
  2601 | D:3      | Reached XP level 5. HP: 13/30 MP: 1/10
  2787 | D:3      | Learned a level 5 spell: Lightning Bolt
  2792 | D:3      | Learned a level 4 spell: Airstrike
  2933 | D:3      | HP: 1/30 [adder (4)]
  2934 | D:3      | Succumbed to an adder's poison

Illustrated notes

Levels and vault maps discovered:
D:1:      amcnicky_arrival_wind_blow, layout_basic
D:2:      kennysheep_big_flooded_room, layout_rooms
D:3:      layout_loops_ring, general_overflow_altar, uniq_natasha

Skill      XL: |  1  2  3  4 |
---------------+-------------+-----
Conjurations   | 2 |  2.9
Fighting       | 1 |  1.9
Air Magic      | 5 |  5.5
Spellcasting   | 3 |  3.2
Dodging        | |  2.1
Stealth        | |  2.0

Action                   |  1- 3 |  4- 6 || total
-------------------------+-------+-------++-------
Melee: Unarmed           |     1 |       ||     1
       Dagger            |       |     6 ||     6
       Peck              |       |     2 ||     2
       Kick              |       |     1 ||     1
 Cast: Shock             |    55 |    65 ||   120
 Abil: Fly               |       |     1 ||     1
  Use: Potion            |       |     1 ||     1
Armor: Robe              |     1 |     4 ||     5
Dodge: Dodged            |    17 |     9 ||    26

Table legend: (Time is in decaauts)
 A = Elapsed time spent in this place.
 B = Non-inter-level travel time spent in this place.
 C = Inter-level travel time spent in this place.
 D = Time resting spent in this place.
 E = Time spent auto-exploring this place.
 F = Levels seen in this place.
 G = Mean time per level.
                   A        B        C        D        E       F      G
               +--------+--------+--------+--------+--------+-----+--------+
         Total |   2930 |   2907 |     23 |    367 |   2149 |   3 |  976.7 |
       Dungeon |   2930 |   2907 |     23 |    367 |   2149 |   3 |  976.7 |
               +--------+--------+--------+--------+--------+-----+--------+

Top non-repeatable levels by time:
     D:1: 1731 daAuts
     D:2: 735 daAuts
     D:3: 463 daAuts
